 Dungeon Crawl Stone Soup version 0.18.1-48-g4cf74bf (webtiles) character file.

402 pancakeRgood the Sneak (level 6, -1/51 HPs)
             Began as a Draconian Assassin on Aug 12, 2016.
             Slain by an orc warrior
             ... wielding a +0 trident
              (22 damage)
             ... on level 7 of the Dungeon.
             The game lasted 00:23:49 (4348 turns).

pancakeRgood the Sneak (Draconian Assassin)         Turns: 4348, Time: 00:23:49

Health: -1/51      AC:  9    Str: 13    XL:     6   Next: 55%
Magic:  6/6        EV: 13    Int: 12    God:
Gold:   257        SH:  0    Dex: 14    Spells: 0 memorised, 5 levels left

rFire  . . .     SeeInvis .     a - +2 dagger
rCold  . . .     Gourm    .     (armour unavailable)
rNeg   . . .     Faith    .     (no shield)
rPois  .         Spirit   .     (helmet restricted)
rElec  .         Dismiss  .     c - +2 cloak
rCorr  .         Reflect  .     (no gloves)
SustAt .         Harm     .     (no boots)
MR     .....                    e - amulet of rage
Stlth  ++........               (no ring)
                                (no ring)

@: marked, not resistant to hostile enchantments, unstealthy
A: unfitting armour, cold-blooded, AC +6
a: Evoke Berserk Rage


You were on level 7 of the Dungeon.
You were not hungry.

You visited 1 branch of the dungeon, and saw 7 of its levels.

You collected 257 gold pieces.

Inventory:

Hand Weapons
 a - a +2 dagger (weapon)
 b - a +0 blowgun
Missiles
 d - 3 poisoned needles
 l - 140 stones (quivered)
 p - a throwing net
 w - 69 sling bullets
 y - a curare-tipped needle
Armour
 c - a +2 cloak (worn)
 g - a cursed +0 leather armour
 m - a +2 scale mail of magic resistance
Jewellery
 e - an amulet of rage (around neck)
 t - an uncursed amulet of dismissal
Scrolls
 i - 2 scrolls of remove curse
 k - 2 scrolls of teleportation
 F - a scroll of holy word {unknown}
Potions
 j - a potion of lignification {unknown}
 o - a potion of agility {unknown}
 q - a potion of invisibility {unknown}
 u - a potion of brilliance {unknown}
 v - 2 potions of berserk rage {unknown}
 x - 2 potions of resistance
 z - a potion of cure mutation {unknown}
 A - a potion of curing {unknown}
 B - a potion of degeneration {unknown}
 C - a potion of heal wounds {unknown}
 E - a potion of cancellation {unknown}
Books
 s - a book of Frost

   Spells                             Type                      Level
   a - Freeze                         Ice                          1
   b - Throw Frost                    Conjuration/Ice              2
   c - Ozocubu's Armour               Charms/Ice                   3
   d - Throw Icicle                   Conjuration/Ice              4
   e - Summon Ice Beast               Ice/Summoning                4
 D - a book of Annihilations

   Spells                             Type                      Level
   a - Poison Arrow                   Conjuration/Poison           6
   b - Chain Lightning                Conjuration/Air              8
   c - Lehudib's Crystal Spear        Conjuration/Earth            8
   d - Glaciate                       Conjuration/Ice              9
   e - Fire Storm                     Conjuration/Fire             9
Comestibles
 f - 2 bread rations
 h - 2 slices of pizza
 r - 3 meat rations


   Skills:
 + Level 3.5 Fighting
 + Level 3.1 Short Blades
 + Level 3.0 Throwing
 + Level 3.7 Dodging
 + Level 4.6 Stealth


You had 5 spell levels left.
You didn't know any spells.

Dungeon Overview and Level Annotations

Branches:
Dungeon (8/15)
 Temple: D:4-7         Lair: D:8-11

Altars:
The Shining One

Annotations:
D:8 Gastronok


Innate Abilities, Weirdness & Mutations

Your plain brown scales are hard (AC +6).
Your body does not fit into most forms of armour.
You are cold-blooded and may be slowed by cold attacks.


Message History

The hound skeleton bites you but does no damage.
You barely miss the hound skeleton. The hound skeleton barely misses you.
You barely miss the hound skeleton. The hound skeleton closely misses you.
You hit the hound skeleton. The hound skeleton barely misses you.
You hit the hound skeleton. You tail-slap the hound skeleton.
You destroy the hound skeleton!
You hit the centaur zombie. The centaur zombie closely misses you.
You hit the centaur zombie. The centaur zombie closely misses you.
You hit the centaur zombie. You tail-slap the centaur zombie.
The centaur zombie hits you.
You hit the centaur zombie.
The centaur zombie hits you but does no damage.
An orc warrior comes into view. It is wielding a trident.
You hit the centaur zombie. You tail-slap the centaur zombie.
The centaur zombie barely misses you.
You hit the centaur zombie. The centaur zombie hits you!
The orc warrior hits you from afar with a trident!!
You hit the centaur zombie. The centaur zombie misses you.
The orc warrior hits you from afar with a trident!!
You die...

# #############.#
...o......>...#
####.####..#######
#o......[#
#o######.#
#lZ@...#.#
####.###.#####
#.....#.....#
#.#.#.#####.#
#.#.#.# #.#
#.#...# #.#
#.#########.#
#...........#
#############


You could see an orc warrior, an iguana and a centaur zombie.

Vanquished Creatures
  An orc priest (D:4)
  2 orc wizards (D:3)
  Natasha (twice) (D:3)
  3 worker ants
  A hound skeleton (D:7)
  A worker ant zombie (D:3)
  5 adders
  2 gnolls (D:4)
  An adder skeleton (D:4)
  A dart slug (D:2)
  A worm (D:2)
  2 giant geckos
  16 orcs
  2 giant cockroaches
  7 goblins
  9 hobgoblins
  4 quokkas
  9 bats
  3 giant newts
  7 kobolds
  19 rats
98 creatures vanquished.

Notes
Turn   | Place    | Note
--------------------------------------------------------------
     0 | D:1      | pancakeRgood the Draconian Assassin began the quest for the Orb.
     0 | D:1      | Reached XP level 1. HP: 17/17 MP: 1/1
   153 | D:1      | Reached XP level 2. HP: 25/25 MP: 2/2
   167 | D:1      | Reached skill level 4 in Stealth
   413 | D:1      | Reached skill level 1 in Dodging
   431 | D:1      | Found a glowing golden altar of the Shining One.
   514 | D:1      | Reached XP level 3. HP: 11/30 MP: 3/3
  1649 | D:3      | Noticed Natasha
  1667 | D:3      | Killed Natasha
  1667 | D:3      | Reached XP level 4. HP: 6/37 MP: 4/4
  2336 | D:3      | Reached XP level 5. HP: 25/42 MP: 5/5
  2940 | D:3      | Noticed Natasha
  3004 | D:3      | Killed Natasha
  3494 | D:4      | Reached XP level 6. HP: 42/51 MP: 6/6
  4102 | D:5      | Entered Level 5 of the Dungeon
  4183 | D:5      | You fall through a shaft for 3 floors!
  4183 | D:8      | Noticed an ice beast
  4226 | D:8      | Noticed Gastronok
  4346 | D:7      | Noticed an orc warrior
  4348 | D:7      | Slain by an orc warrior

Skill      XL: |  1  2  3  4  5  6 |
---------------+-------------------+-----
Stealth        | 4 |  4.6
Dodging        | 1 2 3 |  3.7
Throwing       | 2 3 |  3.0
Fighting       | 3 |  3.5
Short Blades   | 3 |  3.1

Action                   |  1- 3 |  4- 6 || total
-------------------------+-------+-------++-------
Melee: Dagger            |   156 |   270 ||   426
       Tailslap          |    11 |    49 ||    60
       Unarmed           |       |     3 ||     3
 Fire: Blowgun           |    25 |    31 ||    56
Throw: Stone             |     3 |     5 ||     8
  Use: Scroll            |     1 |     6 ||     7
 Stab: Sleeping          |     2 |       ||     2
  Eat: Chunk             |     2 |     8 ||    10
       Beef jerky        |       |     1 ||     1
Armor: Skin              |    43 |    57 ||   100
Dodge: Dodged            |    82 |   171 ||   253
